 Dungeon Crawl Stone Soup version 0.21.1-1-g345015f (webtiles) character file.

1093 Fang the Chopper (level 8, -7/75 HPs)
             Began as a Gargoyle Berserker on June 7, 2018.
             Was a Priest of Trog.
             Mangled by an ogre
             ... wielding a +0 giant spiked club
              (26 damage)
             ... on level 5 of the Dungeon.
             The game lasted 00:05:23 (4122 turns).

Fang the Chopper (Gargoyle Berserker)               Turns: 4122, Time: 00:05:23

Health: -7/75      AC: 11    Str: 29    XL:     8   Next: 31%
Magic:  8/8        EV: 13    Int:  7    God:    Trog [***...]
Gold:   180        SH:  0    Dex:  9    Spells: 7/7 levels left

rFire    . . .     SeeInvis .   a - +1 hand axe
rCold    . . .     Gourm    .   (no shield)
rNeg     + . .     Faith    .   b - +1 animal skin
rPois    ∞         Spirit   .   (no helmet)
rElec    +         Reflect  .   (no cloak)
rCorr    .         Harm     .   (no gloves)
MR       .....                  g - +2 pair of boots
Stlth    ..........             (no amulet)
HPRegen  0.22/turn              (no ring)
MPRegen  0.11/turn              (no ring)

@: berserking, very quick
A: negative energy resistance 1, electricity resistance, unbreathing,
petrification resistance, rot immunity, AC +5
a: Berserk, Trog's Hand, Burn Spellbooks, Renounce Religion


You were on level 5 of the Dungeon.
You worshipped Trog.
Trog was most pleased with you.
You were hungry.

You visited 1 branch of the dungeon, and saw 5 of its levels.

You collected 180 gold pieces.

Inventory:

Hand Weapons
 a - a +1 hand axe (weapon)
Armour
 b - a +1 animal skin (worn)
 g - a +2 pair of boots (worn)
Wands
 q - a wand of acid (5)
 s - a wand of random effects (43)
Scrolls
 f - a scroll of immolation
 h - 2 scrolls of amnesia
 i - 5 scrolls of identify
 j - a scroll of remove curse
 l - a scroll of enchant armour
 m - 2 scrolls of teleportation
Potions
 d - 5 potions of curing
 e - a potion of flight {unknown}
 n - 2 potions of heal wounds
 p - a potion of ambrosia
Comestibles
 c - 6 rations


   Skills:
 + Level 5.5 Fighting
 + Level 7.0 Axes
 + Level 2.2 Armour
 + Level 3.8 Dodging
 + Level 2.3 Stealth


You had 7 spell levels left.
You didn't know any spells.

Dungeon Overview and Level Annotations

Branches:
Dungeon (5/15)             Temple (0/1) D:4

Altars:
Makhleb
Xom


Innate Abilities, Weirdness & Mutations

You are resistant to torment.
Your stone body is resilient. (AC +5)
You are immune to poison.
You resist negative energy. (rN+)
You are resistant to electric shocks. (rElec)
You can survive without breathing.
You are immune to petrification.
You are immune to rotting.


Message History

You are too injured to fight recklessly!
You are too injured to fight recklessly!
You are too injured to fight recklessly!
You are too injured to fight recklessly!
You are too injured to fight recklessly!
You are too injured to fight recklessly!
You are too injured to fight recklessly!
You are too injured to fight recklessly!
You are too injured to fight recklessly!
You are too injured to fight recklessly!
A red film seems to cover your vision as you go berserk!
You feel yourself moving faster!
You feel mighty!
You are feeling hungry.
The ogre closely misses you.
You slash the ogre!
The ogre is moderately wounded.
You barely miss the ogre.
The ogre is moderately wounded.
The ogre hits you with a giant spiked club!!
You die...

#.....# ##.....##
..†.....#####
#####.......######
###
#.####.......##...#.
#.# #######........
#.. ######.####...
### #.<.÷..#....#
#.....@O.####.
#.....†#.....#
#......#<....#
#......(.#...#
#......###!..#
..........# ..#
##.#........ ##
#....###..## ##...
..##


You could see an ogre.

Vanquished Creatures
  The ghost of Fang the Chopper, an amateur GrBe of Trog (D:5)
  Menkaure (D:4)
  Duvessa (D:4)
  Dowan (D:4)
  A scorpion (D:5)
  3 howler monkeys
  2 hounds
  A bullfrog skeleton (D:5)
  A gnoll shaman (D:4)
  Ijyb (D:4)
  2 iguanas (D:4)
  2 worker ants
  A hound zombie (D:5)
  8 gnolls (D:4)
  7 adders
  2 worms
  4 dart slugs
  3 leopard geckos
  3 orcs
  2 ball pythons
  3 giant cockroaches
  4 goblins
  9 hobgoblins
  8 jackals
  5 kobolds
  5 bats
  8 frilled lizards
  A jackal skeleton (D:5)
  A leopard gecko skeleton (D:4)
  A quokka skeleton (D:5)
  5 rats
97 creatures vanquished.

Notes
Turn   | Place    | Note
-------+----------+-------------------------------------------
     0 | D:1      | Fang the Gargoyle Berserker began the quest for the Orb.
     0 | D:1      | Reached XP level 1. HP: 14/14 MP: 1/1
   377 | D:1      | Reached XP level 2. HP: 19/19 MP: 2/2
   388 | D:1      | Reached skill level 3 in Axes
   932 | D:2      | Reached XP level 3. HP: 21/24 MP: 3/3
   937 | D:2      | Found a shimmering altar of Xom.
   993 | D:2      | Reached ** piety under Trog
   993 | D:2      | Reached skill level 1 in Stealth
  1450 | D:2      | Reached XP level 4. HP: 29/29 MP: 4/4
  2527 | D:3      | Reached XP level 5. HP: 33/33 MP: 5/5
  2557 | D:4      | Noticed Menkaure
  2558 | D:4      | Reached skill level 4 in Axes
  2562 | D:4      | Killed Menkaure
  2562 | D:4      | Reached XP level 6. HP: 27/39 MP: 6/6
  2809 | D:4      | Noticed Ijyb
  2830 | D:4      | Killed Ijyb
  3053 | D:4      | Found a staircase to the Ecumenical Temple.
  3082 | D:4      | Reached skill level 5 in Axes
  3348 | D:4      | Noticed Dowan
  3351 | D:4      | Noticed Duvessa
  3362 | D:4      | Killed Dowan
  3362 | D:4      | Reached XP level 7. HP: 39/44 MP: 7/7
  3374 | D:4      | Killed Duvessa
  3374 | D:4      | Reached *** piety under Trog
  3810 | D:4      | Reached skill level 5 in Fighting
  3897 | D:4      | Reached skill level 6 in Axes
  3918 | D:4      | Found a burning altar of Makhleb.
  3981 | D:5      | Entered Level 5 of the Dungeon
  3986 | D:5      | Noticed Fang's ghost (amateur GrBe)
  4003 | D:5      | Killed Fang's ghost
  4003 | D:5      | Reached XP level 8. HP: 50/50 MP: 8/8
  4072 | D:5      | Reached skill level 7 in Axes
  4122 | D:5      | Mangled by an ogre

Skill      XL: |  1  2  3  4  5  6  7  8 |
---------------+-------------------------+-----
Axes           | 3 4 5 6 7 |  7.0
Stealth        | 1 2 |  2.3
Fighting       | 4 5 |  5.5
Dodging        | 2 3 |  3.8
Armour         | |  2.2

Action                   |  1- 3 |  4- 6 |  7- 9 || total
-------------------------+-------+-------+-------++-------
Melee: Hand axe          |   143 |   156 |   118 ||   417
Invok: Berserk           |       |     4 |     4 ||     8
  Use: Scroll            |       |       |    11 ||    11
  Eat: Chunk             |     1 |     6 |     7 ||    14
       Ration            |       |     1 |       ||     1
Armor: Animal skin       |    57 |    67 |    29 ||   153
Dodge: Dodged            |   129 |   122 |    78 ||   329
